 Dungeon Crawl Stone Soup version 0.30.1-3-gfc49f6343a (webtiles) character file.

Game seed: 9223076514263787060

58 CaptainMV the Gusty (level 3, 0/24 HPs)
             Began as a Demonspawn Wanderer on July 21, 2023.
             Slain by a gnoll
             ... wielding a +0 whip
              (2 damage)
             ... on level 2 of the Dungeon.
             The game lasted 00:11:36 (993 turns).

CaptainMV the Gusty (Demonspawn Wanderer)            Turns: 993, Time: 00:11:37

Health: 0/24       AC:  4    Str: 12    XL:     3   Next: 75%
Magic:  0/5        EV: 11    Int: 13    God:
Gold:   80         SH:  0    Dex: 14    Spells: 1/4 levels left

rFire   . . .        a - +0 short sword (venom)
rCold   . . .        (no shield)
rNeg    . . .        c - +0 leather armour
rPois   .            (no helmet)
rElec   .            (no cloak)
rCorr   .            h - +0 pair of gloves
SInv    .            (no boots)
Will    .....        (no amulet)
Stlth   +            (no ring)
HPRegen 0.24/turn    (no ring)
MPRegen 0.09/turn

%: no passive effects
@: very slightly contaminated
A: ignite blood 1
a: no special abilities


You were on level 2 of the Dungeon.
You visited 1 branch of the dungeon, and saw 2 of its levels.

You collected 80 gold pieces.

Inventory:

Hand Weapons
 a - a +0 short sword of venom (weapon)
 e - a +0 dagger
Missiles
 i - 2 atropa-tipped darts
 k - 6 javelins (quivered)
Armour
 c - a +0 leather armour (worn)
 h - a +0 pair of gloves (worn)
Magical Staves
 n - a staff of fire
Scrolls
 b - a scroll of fog
 l - a scroll of enchant weapon {unknown}
Potions
 f - a potion of magic
 g - a potion of resistance {unknown}
 j - 2 potions of haste
 m - a potion of curing
 p - a potion of invisibility {unknown}
Miscellaneous
 d - a piece from Xom's chessboard (14/15)


   Skills:
 + Level 0.1 Fighting
 + Level 1.0 Short Blades
 + Level 0.3 Armour
 + Level 0.1 Dodging
 + Level 1.4 Spellcasting
 + Level 2.9 Translocations
 + Level 4.3 Air Magic
 + Level 2.0 Evocations


You had one spell level left.
You knew the following spells:

 Your Spells              Type           Power      Damage    Failure   Level
a - Shock                 Conj/Air       24%        1d4       14%         1
b - Poisonous Vapours     Pois/Air       12%        N/A       22%         2

Your spell library contained the following spells:

 Spells                   Type           Power      Damage    Failure   Level
 Blink                    Tloc           16%        N/A       16%         2
 Lesser Beckoning         Tloc           16%        N/A       16%         2
 Mephitic Cloud           Conj/Pois/Air  4%         N/A       50%         3


Dungeon Overview and Level Annotations

Branches:
Dungeon (2/15)

Altars:


Innate Abilities, Weirdness & Mutations

Your demonic aura sometimes causes spilled blood to erupt in flames.


Message History

The gnoll is lightly wounded.
The zap misses the gnoll.
A gnoll comes into view. It is wielding a +0 whip.
You hit the gnoll.
The gnoll is poisoned.
The gnoll is moderately wounded.
The gnoll completely misses you.
You barely miss the gnoll.
The gnoll is moderately wounded.
A gnoll comes into view. It is wielding a +0 halberd.
The gnoll hits you with a +0 whip.
Casting: Shock (safe; 14% risk of failure)
Confirm with . or Enter, or press ? or * to list all spells.
Aiming: Shock (safe; 14% risk of failure)
Press: ? - help, Shift-Dir - straight line You miscast Shock.
Nothing appears to happen.
The gnoll barely misses you.
You hit the gnoll.
The gnoll is almost dead.
You kill the gnoll!
Casting: Shock (safe; 14% risk of failure)
Confirm with . or Enter, or press ? or * to list all spells.
Aiming: Shock (safe; 14% risk of failure)
Press: ? - help, Shift-Dir - straight line The zap hits the giant cockroach.
You kill the giant cockroach!
The zap hits the gnoll.
The gnoll is lightly wounded.
The gnoll barely misses you.
You hit the gnoll.
The gnoll is poisoned.
The gnoll is lightly wounded.
The gnoll closely misses you. The gnoll barely misses you.
You closely miss the gnoll.
The gnoll is lightly wounded.
The gnoll hits you with a +0 whip! The gnoll closely misses you.
You hit the gnoll.
The gnoll looks as sick as possible!
The gnoll is severely wounded.
The gnoll hits you from afar with a +0 halberd!
* * * LOW HITPOINT WARNING * * *
The gnoll hits you but does no damage. The gnoll attacks as you move away!
The gnoll hits you with a +0 whip.
You die...

B.$# #..# ##..#
.... #..#
#!.####.## #.
#.gg...... .# #g#
.# #@#
#.###.####.##
#...........#
..###.#.#.#####.#
#...##.#.#### ..
#......#...#
#.#########.###..#
#....†.# #..#.#.#
#.####.# #.#.##.##
#


You could see 3 gnolls.

Vanquished Creatures
  An adder (D:2)
  A gnoll (D:2)
  A dart slug (D:2)
  6 ball pythons
  2 bats (D:2)
  5 endoplasms (D:1)
  3 giant cockroaches
  2 goblins (D:1)
  A hobgoblin (D:1)
  3 kobolds
  A quokka (D:2)
  6 frilled lizards
  3 rats
35 creatures vanquished.

Notes
Turn   | Place    | Note
-------+----------+-------------------------------------------
     0 | D:1      | CaptainMV the Demonspawn Wanderer began the quest for the
                  | Orb.
     0 | D:1      | CaptainMV set off with the following items: a +0 dagger, a
                  | scroll of fog, a +0 leather armour, a piece from Xom's
                  | chessboard (15/15); and the following spell memorised:
                  | Shock; and the following spells available to memorise:
                  | Blink, Lesser Beckoning, Poisonous Vapours, Mephitic Cloud.
     0 | D:1      | Reached XP level 1. HP: 13/13 MP: 2/2
   198 | D:1      | Reached skill level 4 in Air Magic
   198 | D:1      | Gained mutation: Your demonic aura sometimes causes spilled
                  | blood to erupt in flames. [demonic ancestry]
   198 | D:1      | Reached XP level 2. HP: 11/19 MP: 1/3
   409 | D:1      | Learned a level 2 spell: Poisonous Vapours
   746 | D:2      | Reached XP level 3. HP: 15/24 MP: 0/4
   945 | D:2      | Reached skill level 1 in Short Blades
   993 | D:2      | Slain by a gnoll

Illustrated notes

Levels and vault maps discovered:
D:1:      heliophobic_arrival_battle_scene, layout_loops_ring,
          minmay_octomino_e4
D:2:      layout_loops_ring, minmay_tall_x

Skill      XL: |  1  2  3 |
---------------+----------+-----
Air Magic      | 4 |  4.3
Short Blades   | 1 |  1.0
Fighting       | |  0.1
Armour         | |  0.3
Dodging        | |  0.1
Spellcasting   | |  1.4
Translocations | |  2.9
Evocations     | |  2.0

Action                     || total
---------------------------++-------
  Melee: Dagger            ||    80
         Punch             ||     2
         Short sword       ||    23
  Throw: Javelin           ||     1
   Cast: Shock             ||    12
         Poisonous Vapours ||     3
  Evoke: Piece from Xom's  ||     1
    Use: Scroll            ||     6
         Potion            ||     2
   Stab: Sleeping          ||     1
 Armour: Leather armour    ||    37
  Dodge: Dodged            ||    73
